 Dungeon Crawl Stone Soup version 0.31-a0-700-gf13585253f (webtiles) character file.

Game seed: 10483072030867444826

23 qw the Shooter (level 3, 0/21 HPs)
             Began as a Gargoyle Hunter on Sept 7, 2023.
             Frozen to death by an endoplasm (1 damage)
             ... on level 1 of the Dungeon.
             The game lasted 00:00:13 (404 turns).

qw the Shooter (Gargoyle Hunter)                     Turns: 404, Time: 00:00:13

Health: 0/21       AC:  6    Str: 14    XL:     3   Next: 0%
Magic:  3/3        EV: 11    Int:  9    God:
Gold:   20         SH:  0    Dex: 15    Spells: 2/2 levels left

rFire   . . .        a - +0 shortbow
rCold   . . .        (shield currently unavailable)
rNeg    + . .        c - +0 leather armour
rPois   inf          (no helmet)
rElec   +            (no cloak)
rCorr   .            (no gloves)
SInv    .            (no boots)
Will    .....        (no amulet)
Stlth   ++           (no ring)
HPRegen 0.23/turn    (no ring)
MPRegen 0.08/turn

%: no passive effects
@: no status effects
A: sickness immunity, AC +3, negative energy resistance 1, electricity
resistance, torment resistance 1, petrification resistance
a: no special abilities


You were on level 1 of the Dungeon.
You visited 1 branch of the dungeon, and saw 1 of its levels.

You collected 20 gold pieces.


Innate Abilities, Weirdness & Mutations

You are immune to sickness and miasma.
Your stone body is resilient. (AC +3)
You are immune to poison.
You resist negative energy. (rN+)
You are resistant to electric shocks. (rElec)
You are resistant to unholy torment.
You are immune to petrification.


   Skills:
 - Level 2.1 Fighting
 + Level 4.9 Ranged Weapons
 - Level 1.5 Dodging
 - Level 1.1 Stealth


You had 2 spell levels left.
You didn't know any spells.
Your spell library was empty.

Inventory:

Hand Weapons
 a - a +0 shortbow (weapon)
Armour
 c - a +0 leather armour (worn)
Scrolls
 b - a scroll of butterflies
 d - a scroll of torment {unknown}

Dungeon Overview and Level Annotations

Branches:
Dungeon (1/15)

Altars:


Message History

The endoplasm hits you but does no damage.
You shoot an arrow.
The arrow closely misses the ball python.
The bat hits you but does no damage. The bat barely misses you.
The ball python bites you but does no damage.
The ball python constricts you.
The endoplasm hits you but does no damage.
You shoot an arrow.
The arrow closely misses the ball python.
The ball python bites you but does no damage.
The ball python constricts you. The endoplasm barely misses you.
The ball python closely misses you. The ball python constricts you.
You shoot an arrow.
The arrow closely misses the ball python.
The bat barely misses you. The endoplasm hits you.
The ball python bites you but does no damage.
The ball python constricts you.
You shoot an arrow.
The arrow closely misses the ball python.
The bat hits you. The endoplasm barely misses you. The ball python bites you.
The ball python constricts you. The ball python completely misses you.
The ball python constricts you.
The endoplasm hits you but does no damage.
You shoot an arrow.
The arrow barely misses the ball python.
The bat hits you but does no damage. The ball python bites you.
The ball python constricts you. The endoplasm hits you.
You shoot an arrow. The arrow hits the ball python.
You kill the ball python!
The bat misses you. The bat hits you but does no damage.
The endoplasm closely misses you.
You have reached level 3!
Your experience leads to an increase in your attributes!
Increase (S)trength, (I)ntelligence, or (D)exterity?
You feel agile. x2
You shoot an arrow. The arrow barely misses the bat.
The bat barely misses you. The endoplasm freezes you.
You are frozen.
You die...

#..........#.###### ##
#.....######......###.
#.....## ######.....
###....# #####. #....#
## ##...# # ##.## #
#.# # #@# #
......J..[.....
..#...b.#######
#?##### #


You could see an endoplasm and a bat.

Vanquished Creatures
  A bat (D:1)
  A giant cockroach (D:1)
  5 goblins (D:1)
  4 jackals (D:1)
  2 ball pythons (D:1)
  2 frilled lizards (D:1)
  4 kobolds (D:1)
  2 rats (D:1)
21 creatures vanquished.

Notes
Turn   | Place    | Note
-------+----------+-------------------------------------------
     0 | D:1      | qw the Gargoyle Hunter began the quest for the Orb.
     0 | D:1      | Reached XP level 1. HP: 12/12 MP: 1/1
     0 | D:1      | 0 ||| qw: Version: 0.3-a-76-g4403597
     0 | D:1      | 0 ||| qw: Game counter: 503
     0 | D:1      | 0 ||| qw: Melee chars always use a shield: true
     0 | D:1      | 0 ||| qw: God list: Okawaru
     0 | D:1      | 0 ||| qw: Allow faded altars: false
     0 | D:1      | 0 ||| qw: Do Orc after clearing Dungeon:15 true
     0 | D:1      | 0 ||| qw: Do second Lair branch before Depths: true
     0 | D:1      | 0 ||| qw: Lair rune preference: random
     0 | D:1      | 0 ||| qw: Goals: Normal
     0 | D:1      | 0 ||| PLANNING D:1-11
    55 | D:1      | Reached XP level 2. HP: 17/17 MP: 2/2
   402 | D:1      | HP: 3/17 [ball python (3)]
   402 | D:1      | HP: 1/17 [endoplasm (1)]
   404 | D:1      | Reached XP level 3. HP: 1/21 MP: 3/3
   404 | D:1      | Frozen to death by an endoplasm

Levels and vault maps discovered:
D:1:      saegor_arrival_simple_b, layout_loops_ring, minmay_door_square,
          minmay_tetromino_l2

Action                     || total
---------------------------++-------
   Fire: Shortbow          ||    77
 Armour: Leather armour    ||    49
  Dodge: Dodged            ||    42

Table legend:
 A = Non-vault XP
 B = Vault XP
 C = Vault XP percentage of total XP
 D = Non-vault monster count
 E = Vault monster count
 F = Vault count percentage of total count
                 A         B        C        D         E       F
            +---------+---------+-------+---------+---------+-------
      Total |      31 |       3 |   8.8 |      19 |       2 |   9.5
            +---------+---------+-------+---------+---------+-------
        D:1 |      31 |       3 |   8.8 |      19 |       2 |   9.5
            +---------+---------+-------+---------+---------+-------
